[Event "*** Titled Tuesday Blitz"]
[Site "Chess.com"]
[Date "2019.01.01"]
[Round "5"]
[White "Zufi1811"]
[Black "sunloong"]
[Result "1-0"]
[WhiteElo "2405"]
[BlackElo "1897"]
[TimeControl "180+2"]
[EndTime "14:10:34 PST"]
[Termination "Zufi1811 won by resignation"]

1. g3 Nf6 2. Bg2 g6 3. f4 Bg7 4. Nf3 d5 5. O-O O-O 6. d3 c5 7. Nc3 Nc6 8. e4 dxe4 9. dxe4 Qxd1 10. Rxd1 Nb4 11. Rd2 h6 12. e5 Nh7 13. a3 Nc6 14. Rd1 Bg4 15. Be3 c4 16. h3 Bf5 17. Rd2 h5 18. Rad1 Rfd8 19. Nh4 Rxd2 20. Rxd2 Be6 21. Kh2 Rc8 22. Bf3 g5 23. Ng2 h4 24. Bxc6 hxg3+ 25. Kxg3 bxc6 26. fxg5 Bxe5+ 27. Bf4 Bxf4+ 28. Kxf4 Kf8 29. h4 Ke8 30. Ne3 Nf8 31. h5 Rd8 32. Rxd8+ Kxd8 33. h6 Ke8 34. Ke4 Nh7 35. Kf4 Kf8 36.
Ne4 Kg8 37. c3 Bd5 38. Nd2 Be6 39. Ndxc4 Nf8 40. Ne5 Ng6+ 41. Nxg6 fxg6 42. Ke5 Bf7 43. b4 Bb3 44. c4 Ba2 45. c5 Bb1 46. Nc4 Ba2 47.
Na5 Bd5 48. b5 Bf3 49. Nxc6 Bg4 50. Nxe7+ Kf7 51. Nd5 Be2 52. a4 Bc4 53. c6 Bb3 54. c7 Bxa4 55. c8=Q Bxb5 56. Qe6+ 1-0

[Event "*** Titled Tuesday Blitz"]
[Site "Chess.com"]
[Date "2019.01.01"]
[Round "5"]
[White "Manukyan_Artak"]
[Black "MFBerna"]
[Result "1-0"]
[WhiteElo "2394"]
[BlackElo "2323"]
[TimeControl "180+2"]
[EndTime "14:10:38 PST"]
[Termination "Manukyan_Artak won on time"]

1. e4 c6 2. d4 d5 3. e5 c5 4. dxc5 Nc6 5. Bb5 Bd7 6. Bxc6 Bxc6 7. Nf3 d4 8. O-O e6 9. Nxd4 Qc7 10. Nxc6 Qxc6 11. b4 a5 12. c3 Ne7 13. Qd6 Qc8 14.
Qb6 Nc6 15. Qb5 Be7 16. Na3 O-O 17. Nc4 Qc7 18. Bf4 axb4 19. cxb4 Nd4 20. Qb6 Qxb6 21. Nxb6 Ne2+ 22. Kh1 Nxf4 23. Nxa8 Rxa8 24. Rfc1 Nd3 25.
Rc4 Nxe5 26. Rd4 Nc6 27. Rd7 Bf6 28. Rb1 Ra7 29. b5 Ne5 30. b6 Rxa2 31. Rxb7 h5 32. Rc7 Ng4 33. b7 Nxf2+ 34. Kg1 Bd4 35. b8=Q+ Kh7 36.
Kf1 Ng4 37. Rxf7 Nxh2+ 38. Ke1 Bc3+ 39. Kd1 Ng4 40. Qf4 1-0

[Event "*** Titled Tuesday Blitz"]
[Site "Chess.com"]
[Date "2019.01.01"]
[Round "5"]
[White "LastGladiator1"]
[Black "pastouche06"]
[Result "1-0"]
[WhiteElo "2634"]
[BlackElo "2438"]
[TimeControl "180+2"]
[EndTime "14:10:42 PST"]
[Termination "LastGladiator1 won by resignation"]

1. d4 Nf6 2. c4 e6 3. Nc3 Bb4 4. Nf3 O-O 5. g3 d5 6. Bg2 dxc4 7. O-O Nc6 8. Qa4 Nd5 9. Bg5 f6 10. Bd2 Nb6 11. Qc2 Nxd4 12. Nxd4 Qxd4 13. Rfd1 Qc5 14. Ne4 Qe7 15. Be3 Nd5 16. Qxc4 Nxe3 17. fxe3 Kh8 18.
a3 Ba5 19. Nc5 Bb6 20. Rac1 c6 21. b4 e5 22. h3 Bf5 23. Kh2 Rad8 24. Rxd8 Rxd8 25.
a4 Rd2 26. a5 Bxc5 27. bxc5 h6 28. a6 bxa6 29. Bxc6 Qc7 30. Bg2 a5 31. c6 h5 32.
Qh4 Bg6 33. Bf3 Kg8 34. Bxh5 Bf5 35. Bg4 Bxg4 36. Qxg4 Kf7 37. Qc4+ Ke7 38. Rb1 Kd6 39.
Rc1 Rd5 40. e4 Rd4 41. Qg8 Rxe4 42. e3 Qb6 43. Rd1+ Kxc6 44. Qd5+ Kc7 45. Rc1+ Kb8 1-0

[Event "*** Titled Tuesday Blitz"]
[Site "Chess.com"]
[Date "2019.01.01"]
[Round "5"]
[White "TheNomNomFactor"]
[Black "FelixBlohberger"]
[Result "1/2-1/2"]
[WhiteElo "2403"]
[BlackElo "2580"]
[TimeControl "180+2"]
[EndTime "14:10:44 PST"]
[Termination "Game drawn by repetition"]

1. d4 Nf6 2. c4 e6 3. Nf3 Bb4+ 4. Nbd2 O-O 5. g3 b6 6. Bg2 Bb7 7. O-O Qc8 8. a3 Be7 9. b4 c5 10. dxc5 bxc5 11. b5 d5 12. e3 a6 13. Bb2 Nbd7 14.
a4 dxc4 15. Nxc4 axb5 16. axb5 Bd5 17. Qc2 Qb7 18. Ne1 Bxg2 19. Nxg2 Qxb5 20. Rfd1 Rfb8 21. Nf4 h6 22. h4 Rxa1 23. Bxa1 Qb3 24. Qc1 Nb6 25.
Ne5 Rc8 26. h5 Nbd5 27. Rd2 Nxf4 28. exf4 Nxh5 29. Rd7 Re8 30. Nc6 Bf6 31. Bxf6 Nxf6 32. Qxc5 Qb1+ 33. Kh2 Ng4+ 34. Kg2 Qe4+ 35. Kg1 Qe1+ 36.
Kg2 Qe4+ 37. Kg1 Ra8 38. Rd8+ Rxd8 39. Nxd8 Qb1+ 40. Kg2 Qe4+ 41. Kg1 Qe1+ 42. Kg2 Qe4+ 43. Kg1 1/2-1/2

[Event "*** Titled Tuesday Blitz"]
[Site "Chess.com"]
[Date "2019.01.01"]
[Round "5"]
[White "itisabigworld"]
[Black "Qingdom"]
[Result "1-0"]
[WhiteElo "2324"]
[BlackElo "2143"]
[TimeControl "180+2"]
[EndTime "14:10:44 PST"]
[Termination "itisabigworld won by resignation"]

1. b3 e5 2. Bb2 Nc6 3. e3 d5 4. Bb5 Bd6 5. Nf3 Qe7 6. d4 e4 7. Ne5 Bxe5 8. dxe5 Bd7 9. Qxd5 O-O-O 10. Qxe4 Nf6 11. Qh4 Nxe5 12. Bxd7+ Rxd7 13. O-O Rhd8 14. Nc3 Qe6 15. Nb5 a6 16. Nd4 Qb6 17. Nf5 Ng6 18.
Qh3 Kb8 19. Nxg7 Ne4 20. Bd4 Qc6 21. Nf5 Qxc2 22. Rac1 Qxa2 23. Ng3 Ng5 24. Qf5 Ne6 25. Bf6 Rd5 26. Qe4 R8d7 27. h4 Ka7 28. h5 Ngf8 29. h6 Ng6 30. Nf5 Qa5 31. Nd4 Nc5 32. Qb1 Qb6 33. b4 Ne6 34. b5 a5 35. Nxe6 Qxe6 36.
Bd4+ b6 37. Rc6 R5d6 38. Rfc1 Kb7 39. Qc2 Qe7 40. Qf5 Qd8 41. Qf3 Kb8 42. Rxd6 Rxd6 43.
Qxf7 Nh4 44. Qxh7 Rd7 45. Qe4 Rd6 46. h7 Rh6 47. Rc6 Rxc6 48. Qxc6 Ng6 49. Qxg6 1-0

[Event "*** Titled Tuesday Blitz"]
[Site "Chess.com"]
[Date "2019.01.01"]
[Round "5"]
[White "Rakhmanov_Aleksandr"]
[Black "Firouzja2003"]
[Result "1-0"]
[WhiteElo "2824"]
[BlackElo "2988"]
[TimeControl "180+2"]
[EndTime "14:10:46 PST"]
[Termination "Rakhmanov_Aleksandr won by resignation"]

1. c4 g6 2. Nc3 c5 3. g3 Bg7 4. Bg2 Nc6 5. d3 Nf6 6. e3 d6 7. Nge2 Bd7 8. b3 a6 9. Bb2 Rb8 10. O-O b5 11. Qd2 h5 12. h4 Qc8 13. Rad1 Bh3 14. Nd5 Bxg2 15. Kxg2 Ne5 16. Nxf6+ Bxf6 17. f4 Ng4 18. Bxf6 Nxf6 19. Nc3 Qc6+ 20. Kg1 bxc4 21. dxc4 O-O 22. Qg2 Qc7 23. e4 Qa5 24. Rd3 Ng4 25. Nd5 e6 26. Ne3 Nxe3 27. Rxe3 Rfe8 28. g4 hxg4 29.
Qxg4 Kf8 30. Qg5 Qd8 31. Rd1 Qxg5+ 32. hxg5 Ke7 33. Red3 Rh8 34. Rxd6 Rh4 35. Rxa6 Rxf4 36. Ra7+ Kf8 37. Rdd7 Kg7 38. Kg2 Rh8 39. Kg3 e5 40.
Re7 Rhh4 41. Rxf7+ Kg8 42. Rxf4 Rxf4 43. Rc7 Rxe4 44.
Rxc5 Re2 45. Kf3 Rxa2 46. Rxe5 Kf7 47. Rb5 Ke6 48. Ke3 Rg2 49. Kd4 Rg4+ 50. Kc3 Rg3+ 51. Kb4 Kd6 52. Rd5+ Kc6 53. Ra5 Kb6 54. Re5 Kc7 55.
Ka4 Kd6 56. Rd5+ Kc6 57. b4 Rc3 58. b5+ Kc7 59. Kb4 Rf3 60. Kc5 Rf1 61. b6+ Kb7 62. Rd7+ Kb8 63. Kc6 Rf8 64. c5 Rc8+ 65. Kb5 Rf8 1-0

[Event "*** Titled Tuesday Blitz"]
[Site "Chess.com"]
[Date "2019.01.01"]
[Round "5"]
[White "Alopekos"]
[Black "Tjktiger"]
[Result "1/2-1/2"]
[WhiteElo "2474"]
[BlackElo "2709"]
[TimeControl "180+2"]
[EndTime "14:10:51 PST"]
[Termination "Game drawn by agreement"]

1. e4 c5 2. Nf3 g6 3. d4 cxd4 4. Nxd4 Bg7 5. Nc3 Nc6 6. Nxc6 bxc6 7. Bc4 d6 8. Qf3 e6 9. O-O Ne7 10. Bg5 O-O 11. Rad1 Qc7 12. Qg3 e5 13. Qh4 Re8 14. Rd3 d5 15. exd5 Nf5 16. d6 Nxd6 17. Rxd6 Qxd6 18. Ne4 Qd4 19. Bb3 Bf5 20. Re1 Bxe4 21. Qxe4 Qxe4 22. Rxe4 Rad8 23. Bxd8 Rxd8 24. g3 Kf8 25.
Rc4 Rd6 26. Ra4 Rd7 27. Ra6 Rc7 28. Kf1 e4 29. c3 f5 30. Ke2 Ke7 31. f3 exf3+ 32.
Kxf3 Kd6 33. Ba4 Bh6 34. b4 Bd2 35. b5 Bxc3 36. Rxc6+ Rxc6 37. bxc6 Ba5 38. h3 Kc5 39. g4 fxg4+ 40. hxg4 Bc7 41. Ke4 a5 42. Kf3 Kd4 43. Bb3 h5 44. gxh5 gxh5 45. Bf7 h4 46. Kg4 Bd8 47. c7 Bxc7 48. Kxh4 1/2-1/2

[Event "*** Titled Tuesday Blitz"]
[Site "Chess.com"]
[Date "2019.01.01"]
[Round "5"]
[White "Gubajdullin"]
[Black "Chessmatus"]
[Result "0-1"]
[WhiteElo "2415"]
[BlackElo "2198"]
[TimeControl "180+2"]
[EndTime "14:10:51 PST"]
[Termination "Chessmatus won by checkmate"]

1. d4 Nf6 2. Bf4 e6 3. e3 c5 4. Nd2 d5 5. c3 Nc6 6. Bd3 Bd6 7.
Bxd6 Qxd6 8. f4 cxd4 9. cxd4 Bd7 10. a3 a5 11. Ngf3 a4 12. O-O O-O 13. Ne5 Ne7 14. Rc1 Nf5 15. Qe2 Rfc8 16. Nxd7 Nxd7 17. Bb5 Nb6 18.
Nb1 Qe7 19. Rxc8+ Rxc8 20. g4 Nd6 21. Bd3 Ndc4 22. g5 g6 23. h4 Qd7 24. h5 Qb5 25.
Rf2 Qb3 26. hxg6 hxg6 27. Kg2 Nxb2 28. Qxb2 Qxd3 29. Qxb6 Qe4+ 30. Kg3 Qxe3+ 31. Kg2 Qe4+ 32. Kg3 Qe3+ 33. Kg2 Qe4+ 34. Rf3 Rc2+ 35. Kg3 Qe1+ 36. Kh3 Qh1+ 37. Kg4 Qg2+ 38. Rg3 Qe2+ 39. Rf3 Rc1 40.
Qd8+ Kh7 41. f5 Rg1+ 42. Kf4 Qe4# 0-1

[Event "*** Titled Tuesday Blitz"]
[Site "Chess.com"]
[Date "2019.01.01"]
[Round "5"]
[White "Kangoroo3000"]
[Black "MasterKroket"]
[Result "1-0"]
[WhiteElo "2661"]
[BlackElo "2455"]
[TimeControl "180+2"]
[EndTime "14:10:53 PST"]
[Termination "Kangoroo3000 won by resignation"]

1. d4 Nf6 2. c4 e6 3. Nc3 Bb4 4. e3 O-O 5. a3 Bxc3+ 6. bxc3 c5 7. Bd3 d5 8. cxd5 exd5 9. Ne2 Nc6 10. O-O Qc7 11. Ng3 Re8 12. f3 h5 13. Ra2 h4 14. Nh1 h3 15. g4 c4 16. Bb1 Na5 17. Re2 Nb3 18. Qc2 g6 19. Nf2 Kg7 20.
Bb2 Rh8 21. Nh1 Bd7 22. Ng3 Rae8 23. Bc1 Ba4 24. Qb2 Re7 25. e4 dxe4 26. fxe4 Nxg4 27. Bf4 Qd7 28. Bg5 Re6 29. e5 Rb6 30. Qa2 Bc6 31. Be4 Nxd4 32. cxd4 Qxd4+ 33. Kh1 Rb3 34. Bxc6 bxc6 35.
Qd2 Rd3 36. Qf4 Qd5+ 37. Kg1 Rf8 38. Bf6+ Nxf6 39. exf6+ Kh7 40. Qh4+ Kg8 41. Qh6 Qd4+ 42. Ref2 Rxg3+ 43. hxg3 h2+ 44. Kxh2 1-0

[Event "*** Titled Tuesday Blitz"]
[Site "Chess.com"]
[Date "2019.01.01"]
[Round "5"]
[White "pKiLz5Rn9b"]
[Black "GeorgMeier"]
[Result "0-1"]
[WhiteElo "2666"]
[BlackElo "2821"]
[TimeControl "180+2"]
[EndTime "14:10:56 PST"]
[Termination "GeorgMeier won by resignation"]

1. Nf3 d5 2. d4 Nf6 3. Bf4 c5 4. e3 Nc6 5. Nbd2 cxd4 6. exd4 Bf5 7. c3 e6 8. Qb3 Qc8 9. Nh4 Bg4 10. h3 Bh5 11. g4 Bg6 12. Nxg6 hxg6 13. Bg2 Be7 14. Nf3 Ne4 15. Ne5 Nxe5 16. Bxe5 f6 17. Bf4 f5 18.
Be5 Bf6 19. Qc2 Bxe5 20. dxe5 Qc5 21. Qa4+ Ke7 22. Qd4 Rac8 23. Qxc5+ Nxc5 24. Ke2 Rh4 25. Bf3 Nd7 26. Ke3 Nxe5 27. Be2 fxg4 28. Rag1 Rxh3+ 29.
Rxh3 gxh3 30. f4 Nc4+ 31. Bxc4 h2 32. Rh1 Rxc4 33. Rxh2 Rc8 34. Kf3 Kf6 35. Kg3 b5 36. Re2 a5 37. Re3 a4 38. a3 Rh8 39. Re1 Rh5 40. Rf1 Rf5 41. Re1 g5 42. fxg5+ Rxg5+ 43. Kf4 Rh5 44. Rg1 Rh2 45. Rf1 Rxb2 46. Ke3+ Ke7 47. Kd4 Kd6 48. Rg1 Re2 49. Rxg7 e5+ 50. Kd3 Ra2 51. Rb7 Kc6 52. Re7 e4+ 53. Kd4 Rd2+ 54. Ke5 Rd3 55. Re6+ Kc5 56. Re8 e3 57. Kf4 Rxc3 0-1

[Event "*** Titled Tuesday Blitz"]
[Site "Chess.com"]
[Date "2019.01.01"]
[Round "5"]
[White "Naruto-K"]
[Black "Sunrise777"]
[Result "0-1"]
[WhiteElo "2482"]
[BlackElo "2655"]
[TimeControl "180+2"]
[EndTime "14:10:56 PST"]
[Termination "Sunrise777 won by resignation"]

1. d4 Nf6 2. Bf4 g6 3. e3 Bg7 4. Nf3 d6 5. Be2 O-O 6. h3 Nfd7 7.
O-O Nc6 8. Bh2 e5 9. a4 f5 10. a5 e4 11. Nfd2 a6 12. c4 g5 13. Nc3 Ne7 14. b4 Ng6 15. c5 Nf6 16. cxd6 cxd6 17.
b5 d5 18. bxa6 bxa6 19. Qb3 Be6 20. Qb6 Qd7 21. Nb3 Qe8 22. Nc5 Bf7 23. Bd6 f4 24. Bxa6 f3 25. Bb5 Qc8 26. Rfc1 fxg2 27. Kxg2 Nh4+ 28. Kh2 Nf3+ 29. Kg2 Nh4+ 30. Kh2 Nf3+ 31. Kg2 g4 32. Bg3 gxh3+ 33. Kh1 Qf5 34. Qc7 Nh5 35. Bd7 Nxg3+ 36. Qxg3 Qf6 37. Bxh3 Kh8 38. Nd7 Qh6 39. Nxf8 Bxf8 40. Kg2 Bd6 41. Ne2 Bxg3 42. Nxg3 Nh4+ 43. Kf1 Qf6 44. Rc8+ Rxc8 45. Bxc8 Be8 46. Bg4 Bb5+ 47. Ke1 Ng2+ 48. Kd2 Qxf2+ 49. Ne2 Qxe3+ 0-1

[Event "*** Titled Tuesday Blitz"]
[Site "Chess.com"]
[Date "2019.01.01"]
[Round "5"]
[White "Winehouse83"]
[Black "twitchTriniCupid"]
[Result "1-0"]
[WhiteElo "2411"]
[BlackElo "2255"]
[TimeControl "180+2"]
[EndTime "14:10:56 PST"]
[Termination "Winehouse83 won by resignation"]

1. d4 Nf6 2. c4 e6 3. Nf3 Bb4+ 4.
Nbd2 b6 5. a3 Bxd2+ 6. Qxd2 a5 7.
b3 Ba6 8. g3 a4 9. Qb2 Nc6 10.
Bd2 Ne4 11. Bg2 O-O 12. Rc1 Qe7 13. b4 Nxd2 14. Nxd2 Bb7 15. O-O f5 16. f4 Qf6 17.
e3 Nd8 18. e4 g5 19. e5 Qg7 20. d5 gxf4 21. Rxf4 Kh8 22. Re1 Rg8 23. Qd4 Rb8 24.
b5 Ba8 25. d6 c5 26. Qe3 Nb7 27. Bxb7 Bxb7 28. Nf3 Qh6 29. Rh4 Qxe3+ 30. Rxe3 Rbf8 31.
Kf2 f4 32. gxf4 Bxf3 33. Rxf3 Rf5 34. Rfh3 Rg7 35. Rg3 Rgf7 36. Ke3 Rg7 37. Rhg4 Rxg4 38. Rxg4 h5 39. Rg6 Kh7 40. Rg1 Rf7 41. Ke4 Rf5 42. h4 Rf7 43. Rg5 Kh6 44. Rg8 Rg7 45. Rb8 Rg4 46. Rxb6 Rxh4 47. Rb7 Rg4 48. Rxd7 h4 49. Rd8 Rg7 50. Rh8+ 1-0

[Event "*** Titled Tuesday Blitz"]
[Site "Chess.com"]
[Date "2019.01.01"]
[Round "5"]
[White "PulpanJ"]
[Black "Bigfish1995"]
[Result "0-1"]
[WhiteElo "2617"]
[BlackElo "2913"]
[TimeControl "180+2"]
[EndTime "14:10:57 PST"]
[Termination "Bigfish1995 won by resignation"]

1. e4 c6 2. d3 d5 3. Nd2 g6 4. Ngf3 Bg7 5. d4 Nh6 6. h3 O-O 7. c3 Nd7 8. Bd3 e6 9. O-O f6 10. Re1 Nf7 11. a4 a5 12. b4 axb4 13. cxb4 dxe4 14. Nxe4 Nb6 15. Nc5 Re8 16. b5 cxb5 17.
Bxb5 Re7 18. Ba3 Nd5 19. Qb3 b6 20. Nd3 Rc7 21. Rac1 Raa7 22. Rxc7 Rxc7 23. Rc1 Rxc1+ 24.
Bxc1 Qc7 25. Bd2 Nd6 26. Nb4 Bb7 27. Be2 Nf5 28. Bc4 Nfe7 29. Ne1 Kf7 30. Ned3 Qd6 31. Kf1 Nc7 32. Be3 g5 33. Qc2 Nf5 34. Qe2 Kg8 35. Qh5 Qd7 36. Qe2 Qxa4 37. g4 Nh4 38. Bd2 Qa1+ 39.
Be1 Bg2+ 40. Kg1 Bf3 41. Bxe6+ Kh8 42. Qe3 Ng2 43. Qxf3 Nxe1 44. Qe2 Nxd3+ 45. Kg2 Nf4+ 46. Kh2 0-1

[Event "*** Titled Tuesday Blitz"]
[Site "Chess.com"]
[Date "2019.01.01"]
[Round "5"]
[White "rasmussvane"]
[Black "vugarrasulov"]
[Result "1-0"]
[WhiteElo "2709"]
[BlackElo "2787"]
[TimeControl "180+2"]
[EndTime "14:11:01 PST"]
[Termination "rasmussvane won by resignation"]

1. Nf3 c5 2. c4 Nc6 3. Nc3 g6 4. e3 Nf6 5. d4 cxd4 6. exd4 d5 7.
cxd5 Nxd5 8. Qb3 Nxc3 9. Bc4 e6 10. bxc3 Bg7 11. Ba3 Bf8 12. Bc1 Bg7 13. Ba3 Bf8 14.
O-O Bxa3 15. Qxa3 Qe7 16. Qb2 O-O 17. Rfe1 Qd6 18. Qd2 Kg7 19. h4 b6 20. h5 Bb7 21.
h6+ Kg8 22. Bd3 Ne7 23. Qg5 f6 24. Qe3 Kf7 25. c4 Nf5 26. Bxf5 gxf5 27. d5 exd5 28. Nd4 Rae8 29. Nxf5 Qe5 30. Qxe5 Rxe5 31. Nd6+ Ke7 32.
Nxb7 Rb8 33. f4 Rxe1+ 34. Rxe1+ Kd7 35. cxd5 Rxb7 36. Re6 f5 37. Rf6 Ke7 38. Rxf5 Rc7 39. Re5+ Kf6 40. Kf2 Rc4 41. Ke3 Ra4 42. d6 Ra3+ 43.
Ke4 Rxa2 44. g4 Rd2 45. g5+ Kf7 46. Rd5 Re2+ 47. Kf5 Ke8 48. Kf6 Kd7 49. Kg7 a5 50.
Kxh7 a4 51. g6 a3 52. g7 1-0

[Event "*** Titled Tuesday Blitz"]
[Site "Chess.com"]
[Date "2019.01.01"]
[Round "5"]
[White "esteban062000"]
[Black "BrianWall"]
[Result "1-0"]
[WhiteElo "2219"]
[BlackElo "2105"]
[TimeControl "180+2"]
[EndTime "14:11:02 PST"]
[Termination "esteban062000 won by resignation"]

1. Nf3 d5 2. c4 c6 3. g3 e6 4. Bg2 Nf6 5. O-O Be7 6. b3 O-O 7. d4 a5 8. Nc3 Nbd7 9. Re1 b6 10. Bf4 Bb7 11. Rc1 c5 12. Nb5 Nh5 13. Bc7 Qc8 14. Bd6 Bxd6 15. Nxd6 Qc6 16. Nxb7 Qxb7 17. cxd5 exd5 18.
dxc5 Nxc5 19. Nd4 Rad8 20. e3 Nf6 21. a3 Nfe4 22. b4 axb4 23. axb4 Ne6 24. Nc6 Rd6 25. Bxe4 Rxc6 26. Qxd5 Rxc1 27. Qxb7 Rxe1+ 28. Kg2 Re2 29. Qa6 Rb2 30. Qxb6 g6 31. h4 Rd8 32. h5 gxh5 33.
Bf5 Rdd2 34. Qb8+ Kg7 35. Qe5+ Kf8 36. Bxe6 Rxf2+ 37. Kg1 Rfc2 38. Qd6+ Kg7 39. Bh3 Rc1+ 40. Bf1 Rbb1 41. Qe5+ f6 42. Qe7+ Kg6 43. Qe4+ Kg7 44. Qe7+ Kg6 45. Qe8+ Kg7 46. Qd7+ Kg6 47. Qd3+ Kg5 48.
Kg2 Rb2+ 49. Kf3 Rxb4 50. Qd5+ Kh6 51. Bd3 Rc3 52. Qf5 Kg7 53. Qxh7+ Kf8 54. Qh6+ Ke7 55. Qg7+ Ke6 56. Qg8+ Ke7 57. Qh7+ Kf8 58. Bg6 1-0

[Event "*** Titled Tuesday Blitz"]
[Site "Chess.com"]
[Date "2019.01.01"]
[Round "5"]
[White "NemtsevIgor"]
[Black "NCchamp"]
[Result "1/2-1/2"]
[WhiteElo "2302"]
[BlackElo "2197"]
[TimeControl "180+2"]
[EndTime "14:11:03 PST"]
[Termination "Game drawn by agreement"]

1. d4 Nf6 2. Bf4 d6 3. Nf3 g6 4.
e3 Bg7 5. Be2 O-O 6. O-O Nbd7 7.
h3 c5 8. c3 b6 9. a4 a6 10. Na3 Bb7 11. Nc4 b5 12. Ncd2 b4 13. a5 bxc3 14. bxc3 Nd5 15. Qb3 Nxf4 16. exf4 Qc7 17.
Nc4 Rab8 18. Nb6 Bxf3 19. Bxf3 Nxb6 20. axb6 Rxb6 21. Qc4 Rc8 22. Rxa6 Rxa6 23. Qxa6 cxd4 24. cxd4 Bxd4 25. f5 gxf5 26. Qd3 Qc5 27. Rb1 Bxf2+ 28. Kh1 Qe3 29. Qf1 e6 30. Rd1 d5 31. Rd3 Rc1 32. Bd1 Qe1 33. Qxe1 Bxe1 34. g4 fxg4 35. hxg4 Bg3 36.
Kg2 Be5 37. g5 Rc3 38. Rxc3 Bxc3 39. Kf3 Kg7 40. Kg4 Bd2 41. Bc2 Be3 42. Bd3 d4 43.
Be4 e5 44. Kf5 Kf8 45. Kxe5 Bxg5 46. Kxd4 h5 47. Kd3 Kg7 48. Ke2 Kf6 49. Kf3 Ke5 50. Bb7 f5 51. Bc8 h4 52. Bxf5 Kxf5 53. Kg2 1/2-1/2

[Event "*** Titled Tuesday Blitz"]
[Site "Chess.com"]
[Date "2019.01.01"]
[Round "5"]
[White "gmjlh"]
[Black "matiss90"]
[Result "1-0"]
[WhiteElo "2650"]
[BlackElo "2440"]
[TimeControl "180+2"]
[EndTime "14:11:10 PST"]
[Termination "gmjlh won by checkmate"]

1. e4 c5 2. Nf3 d6 3. Bd3 Nc6 4. O-O Nf6 5. b3 g6 6. Bb2 Bg7 7. Nc3 O-O 8. h3 e5 9. Bc4 Nh5 10. Nd5 Ne7 11. b4 b6 12. a4 Nxd5 13. Bxd5 Rb8 14. b5 Nf4 15. Bc4 Kh8 16. a5 f5 17.
axb6 axb6 18. exf5 Bxf5 19. Ra7 Qf6 20. Re1 Rbe8 21.
Bf1 g5 22. Nh2 Bxc2 23. Qxc2 Nxh3+ 24. gxh3 Qxf2+ 25. Kh1 Qxe1 26. Qd3 d5 27. Qe2 Qg3 28. Qg2 Qf4 29. Qxd5 Rd8 30. Qb7 Rg8 31. Bc3 Qf6 32.
Qe4 Qf4 33. Bd3 Qxe4+ 34. Bxe4 Rgf8 35. Ng4 Rde8 36. Kg2 h5 37. Ne3 Rf4 38. d3 Ref8 39. Be1 h4 40. Ng4 Rc8 41. Bd2 Rff8 42. Bxg5 c4 43. Bh6 Bxh6 44. Rh7+ Kg8 45. Nxh6# 1-0

[Event "*** Titled Tuesday Blitz"]
[Site "Chess.com"]
[Date "2019.01.01"]
[Round "5"]
[White "Makalexa"]
[Black "Saitama_Hero"]
[Result "1-0"]
[WhiteElo "2145"]
[BlackElo "2368"]
[TimeControl "180+2"]
[EndTime "14:11:12 PST"]
[Termination "Makalexa won on time"]

1. e4 c5 2. Nf3 g6 3. d4 cxd4 4. Nxd4 Bg7 5. c4 Nc6 6. Nc2 Nf6 7. Nc3 O-O 8. Be2 d6 9. O-O Be6 10. Be3 Qa5 11. Qd2 Rfc8 12. b3 Ng4 13. b4 Qe5 14. Bxg4 Bxg4 15. Nd5 Bd7 16. f3 e6 17. b5 exd5 18. bxc6 bxc6 19. Bd4 Qe7 20. Bxg7 Kxg7 21. exd5 cxd5 22. cxd5 Rc5 23. Rfe1 Qf6 24. Ne3 Rac8 25. Rab1 R8c7 26. Rec1 Rxc1+ 27. Rxc1 Rxc1+ 28. Qxc1 Qd4 29.
Kf2 Bb5 30. a3 a5 31. g3 a4 32. f4 Bd3 33. Qd2 Qe4 34. Qc3+ f6 35. Qd2 Bb5 36. Ng2 Qc4 37. Ne3 Qc5 38. Qc2 Qxa3 39. Qc7+ Kg8 40. Qd8+ Kg7 41. Qe7+ Kg8 42. Qd8+ Kf7 43. Qc7+ Kg8 44.
Qd8+ Kf7 45. Qc7+ Ke8 46. Qb8+ Ke7 47. Qxb5 Qa2+ 48. Qe2 a3 49. Qxa2 1-0

[Event "*** Titled Tuesday Blitz"]
[Site "Chess.com"]
[Date "2019.01.01"]
[Round "5"]
[White "Hikaru"]
[Black "TigranLPetrosyan"]
[Result "1/2-1/2"]
[WhiteElo "3050"]
[BlackElo "2835"]
[TimeControl "180+2"]
[EndTime "14:11:13 PST"]
[Termination "Game drawn - insufficient material"]

1. e4 g6 2. d4 Bg7 3. Nc3 a6 4. f4 b5 5. Nf3 d6 6. Bd3 Nd7 7.
e5 c5 8. Be3 Bb7 9. Be4 Qc8 10.
Bxb7 Qxb7 11. dxc5 dxe5 12. Qd5 Qxd5 13. Nxd5 Rc8 14.
Nb6 Rc7 15. Nxd7 exf4 16. Bxf4 Rxd7 17. c3 e5 18. Bg3 f6 19. a4 Ne7 20. axb5 axb5 21.
Ra5 Rb7 22. O-O O-O 23. Rd1 Kf7 24. b4 Bh6 25. Ra6 Rc8 26. Rdd6 Bg7 27. Nd2 Nf5 28.
Ne4 Nxg3 29. hxg3 f5 30. Ng5+ Kg8 31. Ne6 e4 32. Nxg7 Kxg7 33. Kf2 Re7 34. Ke3 Kh6 35. g4 Kg5 36. gxf5 gxf5 37. Rd5 h5 38. Ra1 Kg4 39.
Rf1 Rf7 40. Rf4+ Kg5 41. Rxe4 Ra8 42. c6 Rf6 43. Rc5 Rc8 44. c7 Rf7 45. Ree5 Kg4 46. Rxb5 Rfxc7 47. Rbc5 f4+ 48. Kf2 Rxc5 49. Rxc5 Rd8 50.
Re5 Rd3 51. Re2 Rxc3 52. Rb2 f3 53. g3 h4 54. gxh4 Kxh4 55. b5 Kg5 56. b6 Rc8 57.
Ke3 Rb8 58. b7 Kf5 59. Kd4 Ke6 60. Kc5 f2 61. Re2+ Kd7 62. Rxf2 Rxb7 63. Rf7+ Kc8 64. Rxb7 Kxb7 1/2-1/2

[Event "*** Titled Tuesday Blitz"]
[Site "Chess.com"]
[Date "2019.01.01"]
[Round "5"]
[White "Justinz"]
[Black "dolynachess"]
[Result "0-1"]
[WhiteElo "2346"]
[BlackElo "2370"]
[TimeControl "180+2"]
[EndTime "14:11:13 PST"]
[Termination "dolynachess won by resignation"]

1. d4 Nf6 2. c4 e6 3. Nc3 Bb4 4.
Qc2 d5 5. a3 Bxc3+ 6. Qxc3 O-O 7. Bg5 h6 8. Bh4 dxc4 9. Qxc4 b6 10. Nf3 Ba6 11. Qc2 Nbd7 12. e4 Bxf1 13. Rxf1 Qc8 14. O-O-O Qb7 15. Rfe1 c5 16. d5 exd5 17. exd5 Nxd5 18.
Qe4 g5 19. Qxd5 Qxd5 20. Rxd5 Nf6 21. Rf5 Kg7 22. Bg3 Kg6 23. Rfe5 Rad8 24. h4 g4 25. Nd2 Rd4 26. Ne4 Nh5 27. Rd1 Rfd8 28. Rxd4 Rxd4 29. Kc2 f6 30. Re7 Rc4+ 31. Kd3 Rd4+ 32. Ke3 Rd1 33. Rxa7 f5 34. Nc3 Re1+ 35. Kd2 Rg1 36. Bc7 Rxg2 37.
Bxb6 Rxf2+ 38. Kc1 Nf4 39. Ra6 Kh5 40. b4 Nd3+ 41. Kd1 Nb2+ 42. Kc1 Nd3+ 43. Kb1 Rb2+ 44. Ka1 cxb4 45. axb4 Rxb4 46. Nd5 Rb5 47. Ra5 Rxa5+ 48. Bxa5 Kxh4 49. Kb1 Kg3 50. Kc2 Nf2 51. Be1 Kf3 52. Nf6 g3 0-1

[Event "*** Titled Tuesday Blitz"]
[Site "Chess.com"]
[Date "2019.01.01"]
[Round "5"]
[White "nurgyulsalimova"]
[Black "guillembaches"]
[Result "0-1"]
[WhiteElo "2467"]
[BlackElo "2361"]
[TimeControl "180+2"]
[EndTime "14:11:16 PST"]
[Termination "guillembaches won by resignation"]

1. e4 c5 2. Nf3 d6 3. d4 cxd4 4.
Nxd4 Nf6 5. Nc3 Nc6 6. Bg5 e6 7. Qd2 h6 8. Bh4 Nxe4 9. Qf4 Nf6 10. Bxf6 Qxf6 11. Qxf6 gxf6 12. Ndb5 Kd8 13. Ne4 d5 14.
O-O-O Ke7 15. Ng3 h5 16. h4 Bh6+ 17. Kb1 Bf4 18. Ne2 Bb8 19. g3 a6 20. Nbc3 Ba7 21. f3 Ne5 22. Nf4 b5 23. a3 Bb7 24.
Be2 Rac8 25. Rhe1 Bf2 26. Rf1 Bxg3 27. Ng2 Nc4 28. Na2 Bd6 29. f4 Rhg8 30. Bf3 Rg3 31. Rd3 Rcg8 32. Ne1 Rg1 33. Rxg1 Rxg1 34. Rd1 Bxf4 35.
Bxh5 Bg3 36. Nd3 Rxd1+ 37. Bxd1 Bxh4 38. Bh5 e5 39. Nab4 f5 40. Nc5 Bc8 41. b3 Nd2+ 42.
Kb2 f4 43. Ncd3 Kd6 44. Bxf7 Be6 45. Bxe6 Kxe6 46. Nxa6 f3 47. Nc7+ Kf5 48. Nxd5 e4 49. Ne3+ Kg5 50. Nc5 Kf4 51. Nd5+ Kg3 52. Nc3 Bf6 53.
a4 bxa4 54. bxa4 f2 0-1

[Event "*** Titled Tuesday Blitz"]
[Site "Chess.com"]
[Date "2019.01.01"]
[Round "5"]
[White "Raffael89"]
[Black "MFguimaraes"]
[Result "1/2-1/2"]
[WhiteElo "2206"]
[BlackElo "2315"]
[TimeControl "180+2"]
[EndTime "14:11:16 PST"]
[Termination "Game drawn - insufficient material"]

1. d4 Nf6 2. Bg5 c5 3. d5 Qb6 4. Bc1 e6 5. c4 exd5 6. cxd5 g6 7. Nc3 Bg7 8. e4 d6 9. h3 Nbd7 10. Nf3 O-O 11. Bd3 c4 12. Bxc4 Re8 13. Bd3 Nc5 14. O-O Nfxe4 15. Bxe4 Nxe4 16. Nxe4 Rxe4 17. Be3 Qxb2 18.
Rb1 Qxa2 19. Qd3 Bf5 20. Rxb7 Re7 21. Qb5 Rxb7 22. Qxb7 Rc8 23. g4 Be6 24. dxe6 Qxe6 25. Ng5 Qe8 26. Nxf7 Qc6 27. Qxc6 Rxc6 28. Nd8 Ra6 29.
Ne6 Be5 30. Bd4 h5 31. gxh5 gxh5 32. Bxe5 dxe5 33. Nc5 Ra3 34. Kg2 a5 35. Re1 a4 36.
Rxe5 Ra1 37. Rxh5 a3 38. Nb3 Rb1 39. Nd4 a2 40. Nc2 Rc1 41. Na1 Rxa1 42. Ra5 Kg7 43.
h4 Kg6 44. Kf3 Kf6 45. Kf4 Rh1 46. Ra6+ Kg7 47. Rxa2 Rxh4+ 48. Kg5 Rh2 49. Ra7+ Kf8 50. f4 Rb2 51. f5 Kg8 52. Kg6 Rg2+ 53. Kf6 Rb2 54.
Ra8+ Kh7 55. Re8 Rb6+ 56. Re6 Rb5 57. Re5 Rb6+ 58. Kf7 Rb7+ 59. Re7 Rb6 60. Kf8+ Kh8 61. f6 Rxf6+ 62. Rf7 Rxf7+ 63. Kxf7 1/2-1/2